 Dungeon Crawl Stone Soup version 0.30.2 (webtiles) character file.

Game seed: 11475743179128104699

25 Ashen the Trooper (level 3, -1/37 HPs)
             Began as an Ogre Warper on Jan 19, 2024.
             Succumbed to a goblin's poison
             ... on level 1 of the Dungeon.
             The game lasted 00:01:01 (826 turns).

Ashen the Trooper (Ogre Warper)                      Turns: 826, Time: 00:01:02

Health: -1/37      AC:  3    Str: 15    XL:     3   Next: 6%
Magic:  7/7        EV: 10    Int: 16    God:
Gold:   40         SH:  0    Dex:  8    Spells: 7/7 levels left

rFire   . . .        a - +0 mace
rCold   . . .        (no shield)
rNeg    . . .        b - +0 robe
rPois   .            (helmet restricted)
rElec   .            (no cloak)
rCorr   .            (gloves unavailable)
SInv    .            (boots unavailable)
Will    .....        (no amulet)
Stlth   +            (no ring)
HPRegen 0.26/turn    (no ring)
MPRegen 0.10/turn

%: no passive effects
@: lethally poisoned (-1 -> -12)
A: large, unfitting armour, tough skin 1
a: no special abilities


You were on level 1 of the Dungeon.
You visited 1 branch of the dungeon, and saw 1 of its levels.

You collected 40 gold pieces.

Inventory:

Hand Weapons
 a - a +0 mace (weapon)
Missiles
 d - 7 boomerangs of dispersal (quivered)
Armour
 b - a +0 robe (worn)
Scrolls
 c - a scroll of blinking
 f - a scroll of identify {unknown}
 g - a scroll of amnesia {unknown}
 h - a scroll of teleportation {unknown}
Potions
 e - 2 potions of might {unknown}


   Skills:
 + Level 3.1 Fighting
 + Level 2.1 Maces & Flails
 - Level 1.0 Throwing
 + Level 2.4 Dodging
 + Level 2.8 Spellcasting
 + Level 2.9 Translocations


You had 7 spell levels left.
You didn't know any spells.
Your spell library contained the following spells:

 Spells                   Type           Power      Damage    Failure   Level
 Blink                    Tloc           22%        N/A       9%          2
 Lesser Beckoning         Tloc           22%        N/A       9%          2
 Teleport Other           Tloc           11%        N/A       17%         3
 Vhi's Electric Charge    Tloc/Air       12%        N/A       30%         3
 Inner Flame              Hex/Fire       2%         N/A       50%         3
 Manifold Assault         Tloc           11%        N/A       50%         4
 Yara's Violent Unravell  Hex/Tmut       1%         3d3       99%         5
 Enfeeble                 Hex            1%         N/A       100%        7


Dungeon Overview and Level Annotations

Branches:
Dungeon (1/15)

Altars:


Innate Abilities, Weirdness & Mutations

You are too large for most types of armour.
You have tough skin. (AC +1)


Message History

No target in view!
No target in view!
No target in view!
You now have 40 gold pieces (gained 9).
Found a faded altar of an unknown god.
No target in view!
A goblin comes into view. It is wielding a +2 dagger of venom.
The goblin shouts!
The goblin hits you with a +2 dagger of venom.
You are poisoned.
You barely miss the goblin.
You feel very sick.
The goblin hits you with a +2 dagger of venom.
You closely miss the goblin.
You feel sick.
The goblin hits you with a +2 dagger of venom.
You are more poisoned.
The goblin hits you but does no damage.
You are more poisoned.
You hit the goblin but do no damage.
You feel very sick.
The goblin hits you with a +2 dagger of venom.
You are lethally poisoned!
You are too injured to fight recklessly!
You are too injured to fight recklessly!
You are too injured to fight recklessly!
You are too injured to fight recklessly!
You don't know any spells.
You are too injured to fight recklessly!
You barely miss the goblin.
You feel very sick. The goblin closely misses you.
You hit the goblin.
The goblin is severely wounded.
* * * LOW HITPOINT WARNING * * *
You feel very sick.
The goblin hits you with a +2 dagger of venom.
* * * LOW HITPOINT WARNING * * *
You closely miss the goblin. Your punch misses the goblin.
The goblin is severely wounded.
You die...

##...#.## #.....##
##...## ##.## #.###
#.# ##...#### #.#
#.......# ##.##
#.##.##.# ##...####
#..#.@.# .. #.....#..
#....g...# # #...#...
#..#...#.# #.###.#....
##.##.##...#..........
#. ... #######.#....
### #)##... #)#####
#.# #############.##


You could see a goblin.

Vanquished Creatures
  A dart slug (D:1)
  A ball python (D:1)
  3 endoplasms (D:1)
  2 giant cockroaches (D:1)
  3 goblins (D:1)
  4 hobgoblins (D:1)
  2 quokkas (D:1)
  A bat (D:1)
  A frilled lizard (D:1)
  2 rats (D:1)
20 creatures vanquished.

Notes
Turn   | Place    | Note
-------+----------+-------------------------------------------
     0 | D:1      | Ashen the Ogre Warper began the quest for the Orb.
     0 | D:1      | Reached XP level 1. HP: 22/22 MP: 3/3
   210 | D:1      | Reached XP level 2. HP: 23/29 MP: 3/5
   277 | D:1      | Reached skill level 3 in Fighting
   766 | D:1      | Reached XP level 3. HP: 31/37 MP: 7/7
   813 | D:1      | Found a faded altar of an unknown god.
   826 | D:1      | Succumbed to a goblin's poison

Illustrated notes

Levels and vault maps discovered:
D:1:      pf_arrival_petrified_forest, layout_loops_corners,
          ebering_ecumenical_altar_box

Skill      XL: |  1  2 |
---------------+-------+-----
Fighting       | 3 |  3.1
Maces & Flails | 2 |  2.1
Throwing       | |  1.0
Dodging        | |  2.4
Spellcasting   | |  2.8
Translocations | |  2.9

Action                     || total
---------------------------++-------
  Melee: Mace              ||    77
 Armour: Robe              ||    24
  Dodge: Dodged            ||    35
